 Dungeon Crawl Stone Soup version 0.25.0-11-g1f837a76a1 (webtiles) character file.

Game seed: 4982444058535380189

12831 Delamore the Basher (level 11, -1/76 HPs)
             Began as a Gargoyle Fighter on June 25, 2020.
             Was a High Priest of Okawaru.
             Slain by a swamp worm (10 damage)
             ... summoned by an orange crystal statue
             ... in a Gauntlet.
             The game lasted 00:17:10 (13928 turns).

Delamore the Basher (Gargoyle Fighter)             Turns: 13928, Time: 00:17:10

Health: -1/76      AC: 20    Str: 26    XL:     11   Next: 99%
Magic:  0/11       EV: 12    Int:  8    God:    Okawaru [*****.]
Gold:   343        SH:  5    Dex:  9    Spells: 10/10 levels left

rFire    . . .     SeeInvis +   L - +1 whip (venom)
rCold    . . .     Gourm    .   K - +0 buckler
rNeg     + . .     Faith    .   i - +0 chain mail
rPois    ∞         Spirit   +   G - +1 hat {SInv}
rElec    +         Reflect  .   M - +0 cloak
rCorr    .         Harm     .   m - +0 pair of gloves
MR       ++...     NoTele   +   u - -1 pair of boots (curse)
Stlth    ..........             l - amulet of guardian spirit
HPRegen  0.22/turn              v - +4 ring of evasion
MPRegen  0.12/turn              V - ring of protection from magic

@: very slightly contaminated, invisible
A: big wings, magic resistance 1, negative energy resistance 1, electricity
resistance, strong 1, unbreathing, evolution 1, petrification resistance, rot
immunity, AC +8
a: Fly, Heroism, Finesse, Renounce Religion


You were in a Gauntlet.
You worshipped Okawaru.
Okawaru was extremely pleased with you.
You were not hungry.

You visited 3 branches of the dungeon, and saw 12 of its levels.
You also visited: Gauntlet.

You collected 483 gold pieces.
You spent 140 gold pieces at shops.

Inventory:

Hand Weapons
 L - a +1 whip of venom (weapon)
Missiles
 j - 33 poisoned darts
 N - 3 silver javelins
 P - 4 atropa-tipped darts (quivered)
Armour
 a - a +2 helmet of intelligence
 b - a +0 scale mail
 c - a +0 kite shield
 i - a +0 chain mail (worn)
 m - a +0 pair of gloves (worn)
 u - a cursed -1 pair of boots (worn)
 G - a +1 hat of see invisible (worn)
 K - a +0 buckler (worn)
 M - a +0 cloak (worn)
Jewellery
 l - an amulet of guardian spirit (around neck)
 v - a +4 ring of evasion (left hand)
 C - an uncursed ring of fire
 I - a +4 ring of evasion
 T - the ring "Quavua Kaof" {+Fly rPois Int-5 Dex+4 Stlth+}
   (You found it in a Gauntlet)

   [ring of flight]

   It affects your intelligence (-5).
   It affects your dexterity (+4).
   It protects you from poison.
   It lets you fly.
   It makes you more stealthy.
 V - a ring of protection from magic (right hand)
 Y - an uncursed ring of resist corrosion
Wands
 E - a wand of digging (8)
 J - a wand of iceblast (10)
 Q - a wand of flame (23)
 S - a wand of paralysis (8)
 W - a wand of disintegration (14)
Scrolls
 g - 8 scrolls of remove curse
 h - a scroll of fog
 n - 3 scrolls of random uselessness {unknown}
 o - 3 scrolls of enchant armour {unknown}
 r - a scroll of amnesia
 t - 2 scrolls of fear
 x - 4 scrolls of blinking {unknown}
 y - 2 scrolls of magic mapping
 A - a scroll of immolation
 H - 2 scrolls of teleportation
 O - 2 scrolls of enchant weapon {unknown}
 R - a scroll of holy word
 U - a scroll of noise {unknown}
Potions
 d - 2 potions of might
 e - 2 potions of flight
 k - a potion of heal wounds
 p - a potion of berserk rage
 q - a potion of brilliance
 s - a potion of stabbing
 w - 3 potions of magic
 z - a potion of cancellation
 B - 7 potions of curing
 D - a potion of invisibility
 F - 2 potions of haste
 Z - a potion of lignification {unknown}
Comestibles
 f - 19 rations


   Skills:
 - Level 12.1 Fighting
 + Level 13.1 Maces & Flails
 - Level 3.2 Armour
 + Level 9.1 Shields


You had 10 spell levels left.
You didn't know any spells.
Your spell library contained the following spells:

 Spells                   Type           Power        Failure   Level  Hunger
 Sandblast                Erth           #.....       95%         1    ##.....
 Shock                    Conj/Air       #...         95%         1    ##.....
 Passwall                 Tmut/Erth      #.......     99%         2    ###....
 Swiftness                Chrm/Air       #.......     99%         2    ###....
 Static Discharge         Conj/Air       #.......     100%        3    ####...
 Stone Arrow              Conj/Erth      #.....       100%        3    ####...
 Airstrike                Air            #.........   100%        4    #####..
 Petrify                  Tmut/Erth      #.......     100%        4    #####..
 Lee's Rapid Deconstruct  Erth           #.........   100%        5    ######.
 Lightning Bolt           Conj/Air       #.........   100%        5    ######.


Dungeon Overview and Level Annotations

Branches:
Dungeon (9/15)             Temple (1/1) D:4            Lair (2/6) D:8
  Snake (0/4) Lair:2      Gauntlet (1/1)
  Swamp: Lair:2-4    Shoals: Lair:2-4       Orc: D:9-12

Altars:
Ashenzari
Cheibriados
Dithmenos
Elyvilon
Fedhas
Gozag
Hepliaklqana
Kikubaaqudgha
Makhleb
Nemelex Xobeh
Okawaru
Qazlal
Ru
Sif Muna
Trog
Uskayaw
Vehumet
Wu Jian
Xom
Yredelemnul
Zin
The Shining One

Shops:
D:5 [?(*

Annotations:
D:9 3 runed translucent doors, Tali's ghost, novice DsBe Gauntlet 7 transporters, 1 runed translucent door, exclusion: orange crystal statue


Innate Abilities, Weirdness & Mutations

You are resistant to torment.
Your stone body is resilient. (AC +8)
You are immune to poison.
You resist negative energy. (rN+)
You are resistant to electric shocks. (rElec)
You can survive without breathing.
You are immune to petrification.
You are immune to rotting.
Your large and strong wings let you fly indefinitely.
You are resistant to hostile enchantments. (MR+)
Your muscles are strong. (Str +2)
You evolve.


Message History

You hit the large abomination but do no damage.
The queen ant barely misses you.
The large abomination completely misses you.
You hit the large abomination.
The large abomination is lightly damaged.
The water moccasin bites you but does no damage.
The swamp worm barely misses you.
You hit the large abomination but do no damage.
The large abomination is lightly damaged.
The queen ant stings you.
* * * LOW HITPOINT WARNING * * *
The water moccasin bites you.
* * * LOW HITPOINT WARNING * * *
You block the large abomination's attack.
You catch the helpless queen ant completely off-guard!
You hit the queen ant but do no damage.
The queen ant looks as sick as possible!
The queen ant is almost dead.
The swamp worm bites you!
You die...

....#.8.....#.....8.#.......
#.©.#...#########...########
#...#.∩.#8......#.8.##..##.#
#.8.#...#[X..#..#...#.##..#.
....##..#|Sa###.#.8.#.#.#.#.
#.8 ##.#©.#©#..#©.©#Z#.©#.#
#. ##≈.#!###...#####?.#.##.
#≈≈.#.S#a...#...#..##..#
##≈.#.w@X...#.8.###..##.
##.#########...########
#≈.....................
#≈≈≈#≈≈≈#≈≈≈#≈≈≈#≈≈≈#≈≈≈
##≈###≈###≈###≈###≈###≈# ##
### ### ### ### ###


You could see a queen ant (summoned, extremely poisoned), a large abomination
(summoned), a swamp worm (summoned) and a water moccasin (summoned).

Vanquished Creatures
  Gastronok (D:9)
  A two-headed ogre (D:9)
  A centaur warrior (D:9)
  The ghost of tmanko2 the Ruffian, a novice TrFi of Qazlal (D:8)
  A smoke demon (Gauntlet)
  Psyche (D:8)
  6 spiny frogs
  A komodo dragon (D:8)
  A red devil (Gauntlet)
  2 centaur simulacra (Gauntlet)
  A hungry ghost (D:8)
  A basilisk (D:8)
  A water moccasin (Lair:2)
  Duvessa (D:5)
  5 porcupines
  3 sky beasts
  3 orc warriors (D:8)
  3 black bears (D:8)
  2 ice beasts
  2 phantoms
  5 ogres
  8 wolves
  4 centaurs
  3 crocodiles
  A big kobold (D:7)
  4 bullfrogs
  A gnoll sergeant (D:7)
  Dowan (D:5)
  4 scorpions
  A wyvern skeleton (D:9)
  13 killer bees
  6 crimson imps
  A bullfrog zombie (D:5)
  A bullfrog skeleton (D:5)
  A hound (D:5)
  A wyvern simulacrum (Gauntlet)
  5 orc priests
  2 centaur skeletons
  A gnoll shaman (D:4)
  3 jellies (D:8)
  3 iguanas
  8 worker ants
  6 orc wizards
  A bullfrog simulacrum (Gauntlet)
  8 gnolls
  A howler monkey skeleton (D:4)
  10 adders
  3 shadow imps
  5 oozes (D:8)
  An adder skeleton (D:6)
  3 worms
  2 dart slugs
  4 leopard geckos
  31 orcs
  5 giant cockroaches
  10 goblins
  2 hobgoblins
  7 jackals
  5 quokkas
  A bat (D:2)
  8 frilled lizards
  12 kobolds
  A leopard gecko zombie (D:5)
  A quokka skeleton (D:4)
  A quokka zombie (D:9)
  6 rats
249 creatures vanquished.

Vanquished Creatures (others)
  2 fungi (D:8)
2 creatures vanquished.

Grand Total: 251 creatures vanquished

Notes
Turn   | Place    | Note
-------+----------+-------------------------------------------
     0 | D:1      | Delamore the Gargoyle Fighter began the quest for the Orb.
     0 | D:1      | Reached XP level 1. HP: 14/14 MP: 1/1
   165 | D:1      | Reached XP level 2. HP: 6/19 MP: 2/2
   898 | D:2      | Reached XP level 3. HP: 24/24 MP: 3/3
   904 | D:2      | Reached skill level 3 in Maces & Flails
  1219 | D:2      | Reached XP level 4. HP: 19/29 MP: 4/4
  2546 | D:4      | Found a staircase to the Ecumenical Temple.
  2557 | Temple   | Entered the Ecumenical Temple
  2803 | Temple   | Became a worshipper of Warmaster Okawaru
  3022 | D:4      | Reached skill level 4 in Maces & Flails
  3022 | D:4      | Reached XP level 5. HP: 34/34 MP: 5/5
  3029 | D:4      | Noticed an ogre
  3042 | D:4      | Killed an ogre
  3042 | D:4      | Reached skill level 5 in Fighting
  3274 | D:4      | Reached XP level 6. HP: 40/40 MP: 6/6
  3437 | D:4      | Noticed a sky beast
  3466 | D:4      | Killed a sky beast
  3466 | D:4      | Reached skill level 5 in Maces & Flails
  3701 | D:4      | Found a shadowy altar of Dithmenos.
  3740 | D:4      | Reached XP level 7. HP: 46/46 MP: 7/7
  3881 | D:4      | Reached * piety under Okawaru
  4196 | D:5      | Entered Level 5 of the Dungeon
  4238 | D:5      | Found Joloc's Antique Armour Emporium.
  4322 | D:5      | Found Heny's Weapon Emporium.
  4406 | D:5      | Reached skill level 6 in Maces & Flails
  4646 | D:5      | Found Kijettah's Magic Scroll Shoppe.
  4653 | D:5      | Bought a scroll of immolation for 35 gold pieces
  4653 | D:5      | Bought a scroll of identify for 20 gold pieces
  4653 | D:5      | Bought a scroll of magic mapping for 35 gold pieces
  4653 | D:5      | Bought a scroll of remove curse for 30 gold pieces
  4662 | D:5      | Bought a scroll of identify for 20 gold pieces
  4865 | D:5      | Found Hahuinie's Assorted Antiques.
  4959 | D:5      | Noticed Dowan
  4959 | D:5      | Noticed Duvessa
  5002 | D:5      | Killed Duvessa
  5015 | D:5      | Killed Dowan
  5015 | D:5      | Reached XP level 8. HP: 23/53 MP: 3/8
  5389 | D:5      | Found a shattered altar of Ashenzari.
  5782 | D:6      | Reached ** piety under Okawaru
  5782 | D:6      | Reached skill level 7 in Maces & Flails
  6228 | D:6      | Reached skill level 8 in Maces & Flails
  6587 | D:6      | Found a hazy altar of Hepliaklqana.
  6589 | D:6      | Found a glowing golden altar of the Shining One.
  6589 | D:6      | Found an opulent altar of Gozag.
  6591 | D:6      | Found a snail-covered altar of Cheibriados.
  6591 | D:6      | Found a shimmering blue altar of Sif Muna.
  6591 | D:6      | Found a shimmering altar of Xom.
  6686 | D:7      | Reached XP level 9. HP: 48/60 MP: 6/9
  6948 | D:7      | Reached *** piety under Okawaru
  7318 | D:7      | Reached skill level 10 in Fighting
  7318 | D:7      | Reached skill level 9 in Maces & Flails
  7947 | D:7      | Reached **** piety under Okawaru
  8415 | D:8      | Reached skill level 10 in Maces & Flails
  8415 | D:8      | Reached XP level 10. HP: 55/69 MP: 7/10
  8478 | D:8      | Noticed Psyche
  8501 | D:8      | Paralysed by Psyche for 6 turns
  8507 | D:8      | Killed Psyche
  8688 | D:8      | Reached ***** piety under Okawaru
  8879 | D:8      | Found a staircase to the Lair.
  9077 | D:8      | Reached skill level 11 in Maces & Flails
  9316 | D:8      | Found a large runed translucent door.
  9316 | D:8      | Found a large runed translucent door.
  9318 | D:8      | Noticed tmanko2's ghost (novice TrFi)
  9411 | D:8      | Found a snail-covered altar of Cheibriados.
 10080 | D:8      | Killed tmanko2's ghost
 10515 | D:9      | Noticed Gastronok
 10582 | D:9      | HP: 3/71 [Gastronok/the air (11)]
 10588 | D:9      | Killed Gastronok
 10588 | D:9      | Received a gift from Okawaru
 10588 | D:9      | Reached skill level 12 in Maces & Flails
 10588 | D:9      | Reached XP level 11. HP: 11/76 MP: 1/11
 10928 | D:9      | Found a runed translucent gate.
 10929 | D:9      | Found a runed translucent gate.
 10929 | D:9      | Found a runed translucent gate.
 10929 | D:9      | Noticed Tali's ghost (novice DsBe)
 11096 | D:9      | Found a blossoming altar of Fedhas.
 11096 | D:9      | Found a bloodstained altar of Trog.
 11119 | D:9      | Noticed a centaur warrior
 11137 | D:9      | Killed a centaur warrior
 11346 | D:9      | Noticed a two-headed ogre
 11375 | D:9      | Killed a two-headed ogre
 11792 | Lair:1   | Entered Level 1 of the Lair of Beasts
 13260 | Lair:2   | Found a gate leading to a gauntlet.
 13269 | Gauntlet | Entered a Gauntlet
 13269 | Gauntlet | Found a transporter.
 13269 | Gauntlet | Found a runed translucent gate.
 13269 | Gauntlet | Found a transporter.
 13270 | Gauntlet | Found a runed translucent gate.
 13273 | Gauntlet | Found a transporter.
 13275 | Gauntlet | Found a runed translucent gate.
 13276 | Gauntlet | Found a transporter.
 13277 | Gauntlet | Found a transporter.
 13277 | Gauntlet | Found a transporter.
 13312 | Gauntlet | Found a transporter.
 13315 | Gauntlet | Found a transporter.
 13332 | Gauntlet | Found a transporter.
 13338 | Gauntlet | Noticed an orange crystal statue
 13342 | Gauntlet | Gained mutation: You evolve. [potion of mutation]
 13342 | Gauntlet | Gained mutation: Your muscles are strong. (Str +2) [potion
                  | of mutation]
 13342 | Gauntlet | Gained mutation: Your large and strong wings let you fly
                  | indefinitely. [potion of mutation]
 13342 | Gauntlet | Gained mutation: You are resistant to hostile enchantments.
                  | (MR+) [potion of mutation]
 13343 | Gauntlet | Found a runed translucent door.
 13347 | Gauntlet | Found a transporter.
 13356 | Gauntlet | Noticed a death ooze
 13367 | Gauntlet | Found a transporter.
 13371 | Gauntlet | Found a transporter.
 13374 | Gauntlet | Noticed a wizard
 13433 | Gauntlet | Reached skill level 13 in Maces & Flails
 13785 | Gauntlet | Got a slimy steel ring
 13818 | Gauntlet | Identified the ring "Quavua Kaof" {+Fly rPois Int-5 Dex+4
                  | Stlth+} (You found it in a Gauntlet)
 13903 | Gauntlet | Noticed a queen ant
 13928 | Gauntlet | Slain by a swamp worm

Illustrated notes

Levels and vault maps discovered:
D:1:      minmay_arrival_glassed_features, layout_loops_ring
D:2:      layout_basic, minmay_small_reverse_x
D:3:      layout_basic, first_ration
D:4:      layout_loops_ring, minmay_temple_entry_statues_fountains,
          nicolae_dithmenos_through_a_glass_darkly
D:5:      layout_loops_corners, lemuel_round_altar, serial_shops, shop,
          nicolae_shop_statue_plus, shop, shop, uniq_duvessa
D:6:      layout_cave_pools, doesnt_xom_only_xom
D:7:      layout_loops_cross
D:8:      layout_loops_ring, minmay_lair_entry_grove,
          ebering_ghost_disaster_area, hangedman_little_slice_of_home,
          cheibriados_altar_1, uniq_psyche
D:9:      layout_basic, gammafunk_temple_overflow_wave, gammafunk_ghost_split,
          uniq_gastronok
Temple:   dpeg_five_rooms_temple
Lair:1:   layout_cave_shapes, lemuel_fruit_tree
Lair:2:   layout_cave_pods, minmay_snake_entry_guardpost_small,
          gauntlet_entry_generic
Gauntlet: minmay_gauntlet_77_indecision
          [minmay_gauntlet_arena_77_chump_sandwich,
          minmay_gauntlet_arena_77_run_for_it,
          minmay_gauntlet_arena_77_hold_the_fort, minmay_gauntlet_arena_77_mess,
          minmay_gauntlet_arena_77_path, minmay_gauntlet_arena_77_double_cross,
          gauntlet_exit_hidden_loot]

Skill      XL: |  1  2  3  4  5  6  7  8  9 10 11 |
---------------+----------------------------------+-----
Maces & Flails | 3 4 5 6 8 10 12 13 | 13.1
Fighting       | 4 5 6 7 9 11 12 | 12.1
Shields        | 6 9 |  9.1
Armour         | |  3.2

Action                   |  1- 3 |  4- 6 |  7- 9 | 10-12 || total
-------------------------+-------+-------+-------+-------++-------
Melee: Flail             |   133 |     4 |       |       ||   137
       Whip              |       |   262 |   811 |   716 ||  1789
Throw: Dart              |       |     3 |     7 |    11 ||    21
Invok: Heroism           |       |       |     1 |     2 ||     3
  Use: Scroll            |       |       |    10 |     7 ||    17
       Potion            |       |       |       |     5 ||     5
 Stab: Invisible         |       |       |       |     3 ||     3
  Eat: Chunk             |     1 |     9 |    15 |    15 ||    40
       Ration            |       |       |       |     2 ||     2
Armor: Chain mail        |   106 |   138 |   398 |   217 ||   859
       Scale mail        |     2 |       |       |       ||     2
Dodge: Dodged            |    28 |    82 |   248 |   265 ||   623
Block: Kite shield       |    78 |   118 |   306 |       ||   502
       Buckler           |       |       |     4 |    89 ||    93
